 Dungeon Crawl Stone Soup version bcrawl-1.12-10-g10a67aac0f (webtiles) character file.

Game seed: 17919974304301131428

775 Freyura the Skirmisher (level 7, -2/64 HPs)
             Began as a Hill Orc Fighter on June 14, 2019.
             Was a Follower of Okawaru.
             Slain by a gnoll shaman
             ... wielding a cursed -1 club
              (7 damage)
             ... on level 5 of the Dungeon.
             The game lasted 00:19:14 (3042 turns).

Freyura the Skirmisher (Hill Orc Fighter)           Turns: 3042, Time: 00:19:14

Health: -2/64      AC:  8    Str: 16 (19) XL:     7   Next: 84%
Magic:  9/10       EV: 11    Int: 10 (13) God:    Okawaru [*.....]
Gold:   275        SH: 11    Dex: 11 (12) Spells: 6/6 levels left

rFire    . . .     SeeInvis +   k - +2 flail (drain)
rCold    . . .     Gourm    .   c - +0 shield
rNeg     . . .     Faith    .   b - +0 scale mail
rPois    .         Spirit   .   (no helmet)
rElec    .         Reflect  .   (no cloak)
rCorr    .         Harm     .   (no gloves)
MR       .....                  (no boots)
Stlth    +.........             (no amulet)
HPRegen  0.20/turn              e - ring of see invisible
MPRegen  0.12/turn              (no ring)

@: brilliant, heroism, flying
A: no striking features
a: Heroism, Renounce Religion


You were on level 5 of the Dungeon.
You worshipped Okawaru.
Okawaru was aware of your devotion.
You were very hungry.

You visited 1 branch of the dungeon, and saw 5 of its levels.

You collected 275 gold pieces.

Inventory:

Hand Weapons
 k - a +2 flail of draining (weapon)
Armour
 b - a +0 scale mail (worn)
 c - a +0 shield (worn)
 l - a +0 chain mail
Jewellery
 d - a +5 ring of intelligence
 e - a ring of see invisible (left hand)
 n - an uncursed amulet of magic regeneration
Scrolls
 a - a scroll of identify
 g - a scroll of teleportation
Potions
 i - a potion of curing
Comestibles
 f - 4 rations {!d}


   Skills:
 * Level 6.4(11.4) Fighting
   Level 6.4(11.4) Short Blades
   Level 6.4(11.4) Long Blades
   Level 6.4(11.4) Axes
   Level 6.4(11.4) Maces & Flails
   Level 6.4(11.4) Polearms
   Level 6.4(11.4) Staves
 + Level 5.0(10.0) Armour
 + Level 5.2(10.2) Shields
   Level 6.4(11.4) Unarmed Combat
 + Level 4.1 Invocations


You had 6 spell levels left.
You didn't know any spells.
Your spell library was empty.

Dungeon Overview and Level Annotations

Branches:
Dungeon (5/12)
 Temple: D:4-7

Altars:
Okawaru


Message History

The orc wizard closely misses you. You block the gnoll shaman's attack.
The gnoll hits you from afar with a +0 spear.
* * * LOW HITPOINT WARNING * * *
You block the gnoll's attack. The orc wizard completely misses you.
You block the gnoll's attack.
It was a potion of flight.
You feel very buoyant.
You fly up into the air.
You block the gnoll's attack. You block the gnoll shaman's attack.
The orc wizard hits you with a +0 dagger.
* * * LOW HITPOINT WARNING * * *
The gnoll barely misses you. You block the gnoll's attack.
It was a potion of brilliance.
You feel clever all of a sudden.
The orc wizard points at you and mumbles some strange words.
The magic dart hits you!
* * * LOW HITPOINT WARNING * * *
The gnoll hits you but does no damage. x2
The gnoll shaman hits you with a cursed -1 club!
You die...

...#######
.........###
#<...# . ##.#.#
...#######...#
.............#
#......@g(...#
#.....ggo....#
#.....?.g....#
#............#
#.......$......
#..............#
#...........#...
#...........#.##


You could see a gnoll shaman, an orc wizard and 3 gnolls.

Vanquished Creatures
  Grinder (D:4)
  2 howler monkeys
  A hound (D:4)
  2 orc priests
  2 orc wizards
  2 iguanas
  A worker ant (D:4)
  5 gnolls
  11 adders
  2 oozes (D:4)
  5 worms
  4 dart slugs
  2 leopard geckos
  13 orcs
  A giant cockroach (D:1)
  10 hobgoblins
  9 jackals
  2 quokkas
  3 ball pythons
  6 bats
  8 frilled lizards (D:1)
  3 goblins (D:1)
  8 kobolds
  5 rats
108 creatures vanquished.

Notes
Turn   | Place    | Note
-------+----------+-------------------------------------------
     0 | D:1      | Freyura the Hill Orc Fighter began the quest for the Orb.
     0 | D:1      | Reached XP level 1. HP: 20/20 MP: 1/1
    79 | D:1      | Reached XP level 2. HP: 28/28 MP: 2/2
   384 | D:1      | Reached XP level 3. HP: 27/34 MP: 3/3
   704 | D:2      | Found an iron altar of Okawaru.
   713 | D:2      | Became a worshipper of Warmaster Okawaru
   719 | D:2      | Reached skill level 5 in Fighting
   719 | D:2      | Reached XP level 4. HP: 38/42 MP: 4/4
  1244 | D:2      | Reached skill level 1 in Invocations
  1458 | D:3      | Reached XP level 5. HP: 40/48 MP: 5/5
  1595 | D:3      | Reached XP level 6. HP: 11/56 MP: 7/7
  2183 | D:3      | Reached * piety under Okawaru
  2353 | D:4      | Reached XP level 7. HP: 43/62 MP: 6/9
  2544 | D:4      | Reached skill level 6 in Fighting
  2594 | D:4      | Noticed Grinder
  2613 | D:4      | Killed Grinder
  2613 | D:4      | Reached skill level 5 in Shields
  3016 | D:5      | Entered Level 5 of the Dungeon
  3027 | D:5      | Reached skill level 5 in Armour
  3042 | D:5      | Slain by a gnoll shaman

Skill      XL: |  1  2  3  4  5  6  7 |
---------------+----------------------+-----
Fighting       | 5 6 |  6.4
Shields        | 4 5 |  5.2
Invocations    | 1 2 3 4 |  4.1
Armour         | 4 5 |  5.0
Short Blades   | |  6.4
Long Blades    | |  6.4
Axes           | |  6.4
Maces & Flails | |  6.4
Polearms       | |  6.4
Staves         | |  6.4
Unarmed Combat | |  6.4

Action                   |  1- 3 |  4- 6 |  7- 9 || total
-------------------------+-------+-------+-------++-------
Melee: Flail             |   102 |   175 |    65 ||   342
Invok: Heroism           |       |     1 |     2 ||     3
  Use: Scroll            |       |     6 |     1 ||     7
       Potion            |       |     2 |     3 ||     5
  Eat: Chunk             |       |     5 |     1 ||     6
Armor: Scale mail        |    39 |    77 |    26 ||   142
Dodge: Dodged            |    35 |    63 |    23 ||   121
Block: Shield            |    50 |   104 |    46 ||   200
